 Dungeon Crawl Stone Soup version 0.25.1-2-g60ff931df9 (webtiles) character file.

Game seed: 17288926807985441720

259 gbos the Shield-Bearer (level 6, -5/53 HPs)
             Began as a Gnoll Fighter on Nov 19, 2020.
             Killed by nerve-wracking pain
             ... invoked by an orc priest
              (9 damage)
             ... on level 4 of the Dungeon.
             The game lasted 00:00:36 (3352 turns).

gbos the Shield-Bearer (Gnoll Fighter)              Turns: 3352, Time: 00:00:36

Health: -5/53      AC:  7    Str: 18    XL:     6   Next: 17%
Magic:  8/8        EV:  9    Int: 12    God:
Gold:   164        SH: 10    Dex: 15    Spells: 8/8 levels left

rFire    . . .     SeeInvis .   Y - +0 war axe
rCold    . . .     Gourm    .   c - +0 kite shield
rNeg     . . .     Faith    .   b - +0 scale mail
rPois    .         Spirit   .   (no helmet)
rElec    .         Reflect  .   (no cloak)
rCorr    .         Harm     .   (no gloves)
MR       +....                  (no boots)
Stlth    +.........             (no amulet)
HPRegen  0.17/turn              e - ring of protection from magic
MPRegen  0.11/turn              (no ring)

@: lethally poisoned (-5 -> -12)
A: distributed training, fangs 1, strong nose
a: no special abilities


You were on level 4 of the Dungeon.
You were not hungry.

You visited 1 branch of the dungeon, and saw 4 of its levels.

You collected 164 gold pieces.


Innate Abilities, Weirdness & Mutations

Your experience applies equally to all skills.
You have very sharp teeth.
Your uncanny sense of smell can sniff out nearby items.


   Skills:
 + Level 6.8 Fighting
 + Level 1.8 Short Blades
 + Level 1.8 Long Blades
 + Level 4.9 Axes
 + Level 1.8 Maces & Flails
 + Level 1.8 Polearms
 + Level 1.8 Staves
 + Level 1.8 Slings
 + Level 1.8 Bows
 + Level 1.8 Crossbows
 + Level 1.8 Throwing
 + Level 6.8 Armour
 + Level 1.8 Dodging
 + Level 1.8 Stealth
 + Level 6.8 Shields
 + Level 1.8 Unarmed Combat
 + Level 1.8 Spellcasting
 + Level 1.4 Conjurations
 + Level 1.4 Hexes
 + Level 1.4 Charms
 + Level 1.4 Summonings
 + Level 1.4 Necromancy
 + Level 1.4 Translocations
 + Level 1.4 Transmutations
 + Level 1.4 Fire Magic
 + Level 1.4 Ice Magic
 + Level 1.4 Air Magic
 + Level 1.4 Earth Magic
 + Level 1.4 Poison Magic
 + Level 2.0 Invocations
 + Level 1.8 Evocations


You had 8 spell levels left.
You didn't know any spells.
Your spell library was empty.

Inventory:

Hand Weapons
 j - a +0 flail
 Y - a +0 war axe (weapon)
Armour
 b - a +0 scale mail (worn)
 c - a +0 kite shield (worn)
Jewellery
 e - a ring of protection from magic (left hand)
 o - an uncursed ring of protection from fire {unknown}
Wands
 a - a wand of acid (3)
Scrolls
 i - a scroll of remove curse
Potions
 d - a potion of might
 g - a potion of curing
 k - a potion of haste
 m - a potion of mutation {unknown}
 n - a potion of resistance {unknown}
 q - a potion of degeneration {unknown}
Comestibles
 f - 5 rations

Dungeon Overview and Level Annotations

Branches:
Dungeon (4/15)
 Temple: D:4-7

Altars:
Nemelex Xobeh


Message History

Deactivating autopickup; reactivate with Ctrl-A.
You hit something.
Reactivating autopickup.
Your Invocations skill increases to level 2!
You feel a bit more experienced.
You feel sick.
The orc priest calls down the wrath of Beogh upon you.
Beogh smites you!
The orc priest mumbles some strange prayers to Beogh against you.
Beogh smites you!
You feel sick.
The orc priest miscasts a cantrip.
The orc priest casts a cantrip, but nothing happens.
Items here: % )) [[ a +0 dagger; a +0 robe; a +0 war axe; a +0 chain mail; a scorpion corpse {noeat} You closely miss the orc priest.
You feel sick.
The orc priest calls down the wrath of Beogh upon you.
Pain shoots through your body!
You die...

..##.#
.#... ...#
...8.##
#.8.+
#$...#
....#
#...###...#
{
#....#....#
#)......#
#.<.8.>.#
##...@oo.#
#[...#....#
#...###...#
#....#
....#
+.8.## .8.+
#... ...#
##+# +## {


You could see 2 orc priests.

Vanquished Creatures
  A scorpion (D:4)
  An orc priest (D:3)
  An orc wizard (D:4)
  6 adders
  2 dart slugs
  4 worms
  3 leopard geckos
  4 orcs
  A ball python (D:1)
  8 bats
  A giant cockroach (D:2)
  8 hobgoblins
  11 jackals
  8 kobolds
  3 quokkas (D:3)
  4 frilled lizards
  4 goblins
  9 rats
79 creatures vanquished.

Notes
Turn   | Place    | Note
-------+----------+-------------------------------------------
     0 | D:1      | gbos the Gnoll Fighter began the quest for the Orb.
     0 | D:1      | Reached XP level 1. HP: 23/23 MP: 1/1
     0 | D:1      | 0 ||| counter = 307
    64 | D:1      | 64 ||| DROPPING +0 club.
   130 | D:1      | Reached XP level 2. HP: 19/29 MP: 2/2
   350 | D:1      | Reached XP level 3. HP: 27/35 MP: 3/3
   826 | D:1      | Found a sparkling altar of Nemelex Xobeh.
   956 | D:1      | 956 ||| READING scroll labeled QOCIMI ROSI.
   957 | D:1      | 957 ||| READING scroll labeled KIYSIE WUEMM.
   958 | D:1      | 958 ||| DRINKING 2 smoky emerald potions.
  1016 | D:2      | Reached skill level 1 in Invocations
  1163 | D:2      | Reached skill level 1 in Short Blades
  1163 | D:2      | Reached skill level 1 in Long Blades
  1163 | D:2      | Reached skill level 1 in Maces & Flails
  1163 | D:2      | Reached skill level 1 in Polearms
  1163 | D:2      | Reached skill level 1 in Staves
  1163 | D:2      | Reached skill level 1 in Slings
  1163 | D:2      | Reached skill level 1 in Bows
  1163 | D:2      | Reached skill level 1 in Crossbows
  1163 | D:2      | Reached skill level 1 in Throwing
  1163 | D:2      | Reached skill level 1 in Dodging
  1163 | D:2      | Reached skill level 1 in Stealth
  1163 | D:2      | Reached skill level 1 in Unarmed Combat
  1163 | D:2      | Reached skill level 1 in Spellcasting
  1163 | D:2      | Reached skill level 1 in Evocations
  1163 | D:2      | Reached XP level 4. HP: 41/41 MP: 5/5
  1590 | D:2      | Reached skill level 1 in Conjurations
  1590 | D:2      | Reached skill level 1 in Hexes
  1590 | D:2      | Reached skill level 1 in Charms
  1590 | D:2      | Reached skill level 1 in Summonings
  1590 | D:2      | Reached skill level 1 in Necromancy
  1590 | D:2      | Reached skill level 1 in Translocations
  1590 | D:2      | Reached skill level 1 in Transmutations
  1590 | D:2      | Reached skill level 1 in Fire Magic
  1590 | D:2      | Reached skill level 1 in Ice Magic
  1590 | D:2      | Reached skill level 1 in Air Magic
  1590 | D:2      | Reached skill level 1 in Earth Magic
  1590 | D:2      | Reached skill level 1 in Poison Magic
  2050 | D:2      | 2050 ||| READING scroll labeled PODIGH XOAFARA.
  2051 | D:2      | 2051 ||| READING scroll labeled JUUR ONOCE.
  2052 | D:2      | 2052 ||| READING 2 scrolls of identify.
  2052 | D:2      | 2052 ||| IDENTIFYING notched golden ring
  2053 | D:2      | 2053 ||| UPGRADING to ring of protection from magic.
  2054 | D:2      | 2054 ||| READING scroll of identify.
  2054 | D:2      | 2054 ||| IDENTIFYING lumpy filigree amulet
  2055 | D:2      | 2055 ||| DROPPING amulet of the acrobat.
  2338 | D:3      | Reached XP level 5. HP: 47/47 MP: 6/6
  3040 | D:3      | 3040 ||| STAIRDANCE
  3084 | D:2      | 3084 ||| READING scroll labeled HAPLASA ELAEMULI.
  3085 | D:2      | 3085 ||| DRINKING 2 cyan potions.
  3182 | D:3      | 3182 ||| DROPPING +0 whip.
  3185 | D:3      | 3185 ||| UPGRADING to flail.
  3186 | D:3      | 3186 ||| SWAPPING to +0 war axe.
  3346 | D:4      | Reached XP level 6. HP: 42/53 MP: 8/8
  3350 | D:4      | HP: 6/53 [orc priest/divine providence (15)]
  3352 | D:4      | Killed from afar by an orc priest

Levels and vault maps discovered:
D:1:      saegor_arrival_simple_b, layout_basic, nemelex_diamond_rough_becter
D:2:      layout_basic, chequers_hall_statues_y
D:3:      layout_basic, first_ration
D:4:      layout_gridville, nicolae_ashenzari_panopticon,
          chequers_temple_overflow_statue_of_worship, ebering_ghost_rock_garden,
          chequers_serial_rivers_small_a, grunt_ministairs_13

Skill      XL: |  1  2  3  4  5  6 |
---------------+-------------------+-----
Invocations    | 1 2 |  2.0
Short Blades   | 1 |  1.8
Long Blades    | 1 |  1.8
Maces & Flails | 1 |  1.8
Polearms       | 1 |  1.8
Staves         | 1 |  1.8
Slings         | 1 |  1.8
Bows           | 1 |  1.8
Crossbows      | 1 |  1.8
Throwing       | 1 |  1.8
Dodging        | 1 |  1.8
Stealth        | 1 |  1.8
Unarmed Combat | 1 |  1.8
Spellcasting   | 1 |  1.8
Evocations     | 1 |  1.8
Conjurations   | 1 |  1.4
Hexes          | 1 |  1.4
Charms         | 1 |  1.4
Summonings     | 1 |  1.4
Necromancy     | 1 |  1.4
Translocations | 1 |  1.4
Transmutations | 1 |  1.4
Fire Magic     | 1 |  1.4
Ice Magic      | 1 |  1.4
Air Magic      | 1 |  1.4
Earth Magic    | 1 |  1.4
Poison Magic   | 1 |  1.4
Fighting       | |  6.8
Axes           | |  4.9
Armour         | |  6.8
Shields        | |  6.8

Action                   |  1- 3 |  4- 6 || total
-------------------------+-------+-------++-------
Melee: War axe           |   100 |   138 ||   238
       Bite              |    10 |    13 ||    23
  Use: Scroll            |     2 |     5 ||     7
       Potion            |     1 |     1 ||     2
  Eat: Chunk             |     1 |     7 ||     8
Armor: Scale mail        |    34 |    39 ||    73
Dodge: Dodged            |    27 |    48 ||    75
Block: Kite shield       |    44 |    71 ||   115

Table legend:
 A = Non-vault XP
 B = Vault XP
 C = Vault XP percentage of total XP
 D = Non-vault monster count
 E = Vault monster count
 F = Vault count percentage of total count
                 A         B        C        D         E       F
            +---------+---------+-------+---------+---------+-------
      Total |     370 |       0 |   0.0 |      79 |       0 |   0.0
            +---------+---------+-------+---------+---------+-------
        D:1 |      50 |       0 |   0.0 |      27 |       0 |   0.0
        D:2 |      93 |       0 |   0.0 |      24 |       0 |   0.0
        D:3 |     114 |       0 |   0.0 |      25 |       0 |   0.0
        D:4 |     113 |       0 |   0.0 |       3 |       0 |   0.0
            +---------+---------+-------+---------+---------+-------
